 Dungeon Crawl Stone Soup version 0.31-a0-986-g5e6e4ef867 (webtiles) character file.

Game seed: 8645837834965965698

2269532 Ge0ff the Marksghoul (level 25, 212/231 HPs)
             Began as a Ghoul Artificer on Nov 2, 2023.
             Was the Champion of Ru.
             Escaped with the Orb
             ... and 4 runes on Nov 3, 2023!
             The game lasted 02:52:54 (72051 turns).

Ge0ff the Marksghoul (Ghoul Artificer)             Turns: 72051, Time: 02:52:55

Health: 212/231    AC: 41    Str: 26    XL:     25
Magic:  32/32      EV: 10    Int:  5    God:    Ru [******]
Gold:   5158       SH:  0    Dex: 22    Spells: 35/38 levels left

rFire   + . .        a - +9 longbow (drain)
rCold   + . .        (shield currently unavailable)
rNeg    + + +        u - +9 pearl dragon scales of Ymnuc {rElec rN+ Int+3 Slay+2}
rPois   ∞            Z - +2 helmet of Ytid {Drain +Inv rCorr Int-4}
rElec   +            Q - +2 cloak {rF+}
rCorr   +            L - +0 pair of gloves of the Farmer {Contam rPois Str+2 Dex+9 Stlth+}
SInv    .            h - +2 pair of boots of the Wheelwright {Int+3}
Will    ++++.        i - necklace of Bloodlust {Fury *Rage Will++ Int-3 Slay+6}
Stlth   +++          G - ring of willpower {=R}
HPRegen 0.58/turn    c - +4 ring of slaying
MPRegen 0.23/turn

%: no passive effects
@: no status effects
A: claws 1, cold resistance 1, negative energy resistance 3, inhibited
regeneration, torment resistance 2, inability to read after injury 2, inability
to train dodging, no air magic, no conjurations magic, no hexes magic,
inexperienced 2, devour on kill
0: Orb of Zot
}: 4/15 runes: decaying, serpentine, silver, abyssal
a: Renounce Religion, Evoke Invisibility, Draw Out Power, Power Leap, Apocalypse


You escaped.
You worshipped Ru.
Ru was exalted by your worship.
You visited 9 branches of the dungeon, and saw 47 of its levels.
You visited the Abyss 2 times.
You visited 1 bazaar.
You also visited: Trove, Bailey, Gauntlet and Volcano.

You collected 9049 gold pieces.
You spent 3891 gold pieces at shops.

Inventory:

Hand Weapons
 a - a +9 longbow of draining (weapon)
Missiles
 b - 34 boomerangs
 g - 2 throwing nets {=F}
 v - 2 curare-tipped darts {=F}
 x - 21 javelins
 D - 12 darts of dispersal
Armour
 e - the +4 dragonskin cloak
   (You took it off Tiamat on level 2 of the Realm of Zot)

   Avatar's Aegis: It grants the wearer a chance to resist fire, cold, poison,
   electricity, acid, and negative energy.
 h - the +2 pair of boots of the Wheelwright (worn) {Int+3}
   (You found it in a Gauntlet)

   Int+3:     It affects your intelligence (+3).
 u - the +9 pearl dragon scales of Ymnuc (worn) {rElec rN+ Int+3 Slay+2}
   (You took it off a minotaur in a Gauntlet)

   Int+3:     It affects your intelligence (+3).
   Slay+2:    It affects your accuracy & damage with ranged weapons and melee
   (+2).
   rElec:     It insulates you from electricity.
   rN+:       It protects you from negative energy.
 w - a +3 troll leather armour {Snorg}
 L - the +0 pair of gloves of the Farmer (worn) {Contam rPois Str+2 Dex+9 Stlth+}
   (You acquired it on level 11 of the Dungeon)

   Str+2:     It affects your strength (+2).
   Dex+9:     It affects your dexterity (+9).
   rPois:     It protects you from poison Contam: It causes magical
   contamination when unequipped.
   Stlth+:    It makes you more stealthy.
 Q - a +2 cloak of fire resistance (worn)
 Z - the +2 helmet of Ytid (worn) {Drain +Inv rCorr Int-4}
   (You found it on level 3 of the Elven Halls)

   Int-4:     It affects your intelligence (-4).
   +Inv:      It lets you turn invisible.
   rCorr:     It protects you from acid and corrosion.
   Drain:     It drains your maximum health when unequipped.
Jewellery
 c - a +4 ring of slaying (right hand)
 i - the necklace of Bloodlust (around neck) {Fury *Rage Will++ Int-3 Slay+6}
   (You took it off a vault guard on level 5 of the Vaults)

   [amulet of nothing]

   Fury:      It extends the wearer's berserk rage when killing foes.
   Int-3:     It affects your intelligence (-3).
   Slay+6:    It affects your accuracy & damage with ranged weapons and melee
   (+6).
   Will++:    It greatly increases your willpower.
   *Rage:     It berserks you when you make melee attacks (+50% chance).
 r - a ring of see invisible
 G - a ring of willpower (left hand) {=R}
 Y - an amulet of regeneration
Wands
 d - a wand of digging (24)
 f - a wand of flame (89)
 j - a wand of quicksilver (14)
 k - a wand of iceblast (39)
 p - a wand of paralysis (61)
 s - a wand of mindburst (32)
 P - a wand of polymorph (23)
Scrolls
 m - 2 scrolls of revelation
 B - 3 scrolls of blinking
 C - 2 scrolls of poison
 E - 6 scrolls of fear
 F - 4 scrolls of fog
 J - 2 scrolls of silence {!r}
 S - a scroll of butterflies
 T - 15 scrolls of teleportation
 V - 13 scrolls of vulnerability
Potions
 o - 11 potions of ambrosia
 q - 34 potions of curing
 z - a potion of brilliance
 A - 3 potions of attraction
 H - 2 potions of haste {!q}
 I - 4 potions of invisibility
 K - 10 potions of magic {!q}
 M - 7 potions of might
 N - 4 potions of cancellation {!q}
 R - 7 potions of resistance
 W - 19 potions of heal wounds {!q}
 X - 3 potions of enlightenment
Miscellaneous
 l - a lightning rod (4/4)
 n - a phial of floods
 t - a tin of tremorstones (2/2)
 O - a sack of spiders
 U - a phantom mirror


   Skills:
 - Level 20.0 Fighting
 - Level 20.9 Ranged Weapons
 - Level 16.0 Throwing
 - Level 20.0 Armour
 + Level 18.5 Stealth
 - Level 11.0 Unarmed Combat
 - Level 7.0 Spellcasting
 - Level 7.0 Translocations
 - Level 7.0 Transmutations
 - Level 7.0 Earth Magic
 - Level 20.0 Evocations


You had 35 spell levels left.
You knew the following spells:

 Your Spells              Type           Power      Damage    Failure   Level
g - Apportation           Tloc           16%        N/A       2%          1
w - Passwall              Tmut/Erth      6%         N/A       4%          2

Your spell library contained the following spells:

 Spells                   Type           Power      Damage    Failure   Level
 Sting                    Tmut/Pois      20%        1d4       11%         1
 Manifold Assault         Tloc           8%         N/A       26%         4
 Passage of Golubria      Tloc           8%         N/A       26%         4
 Petrify                  Tmut/Erth      8%         N/A       26%         4
 Volatile Blastmotes      Fire/Tloc      10%        2d10      32%         3
 Freeze                   Ice            4%         1d3       43%         1
 Necrotise                Necr           4%         1d4       43%         1
 Summon Small Mammal      Summ           4%         N/A       43%         1
 Ignite Poison            Fire/Tmut/Pois 4%         N/A       50%         3
 Call Imp                 Summ           2%         N/A       56%         2
 Scorch                   Fire           2%         2d5       56%         2
 Lee's Rapid Deconstruct  Erth           4%         3d5*      58%         5
 Animate Armour           Summ/Erth      10%        N/A       73%         4
 Frozen Ramparts          Ice            2%         1d1       80%         3
 Ozocubu's Armour         Ice            1%         N/A       80%         3
 Vampiric Draining        Necr           1%         2d6       80%         3
 Alistair's Intoxication  Tmut/Pois      3%         N/A       97%         5
 Borgnjor's Vile Clutch   Necr/Erth      2%         N/A       97%         5
 Summon Forest            Summ/Tloc      2%         N/A       97%         5
 Olgreb's Toxic Radiance  Pois           1%         N/A       99%         4
 Dispersal                Tloc           4%         N/A       99%         6
 Agony                    Necr           1%         N/A       100%        5
 Eringya's Noxious Bog    Tmut/Pois      2%         4d6       100%        6
 Simulacrum               Ice/Necr       0%         N/A       100%        6
 Summon Cactus Giant      Summ           0%         N/A       100%        6
 Haunt                    Necr/Summ      0%         N/A       100%        7
 Ozocubu's Refrigeration  Ice            0%         4d7       100%        7
 Summon Hydra             Summ           0%         N/A       100%        7
 Disjunction              Tloc           4%         N/A       100%        8
 Ignition                 Fire           0%         3d3       100%        8
 Infestation              Necr           0%         N/A       100%        8
 Polar Vortex             Ice            0%         N/A       100%        9
 Stone Arrow              Conj/Erth      Unusable   3d7       N/A         3
 Magic Dart               Conj           Unusable   1d3       N/A         1
 Ensorcelled Hibernation  Hex/Ice        Unusable   N/A       N/A         2
 Poisonous Vapours        Pois/Air       Unusable   N/A       N/A         2
 Static Discharge         Conj/Air       Unusable   3-4/arc   N/A         2
 Sublimation of Blood     Necr           Unusable   N/A       N/A         2
 Iskenderun's Mystic Bla  Conj/Tloc      Unusable   2d3       N/A         4
 Dazzling Flash           Conj/Hex       Unusable   N/A       N/A         3
 Hailstorm                Conj/Ice       Unusable   3d3       N/A         3
 Inner Flame              Hex/Fire       Unusable   N/A       N/A         3
 Mephitic Cloud           Conj/Pois/Air  Unusable   N/A       N/A         3
 Swiftness                Air            Unusable   N/A       N/A         3
 Airstrike                Air            Unusable   2d(1-17)  N/A         4
 Flame Wave               Conj/Fire      Unusable   2d4       N/A         4
 Sticky Flame             Conj/Fire      Unusable   2d3       N/A         4
 Summon Lightning Spire   Summ/Air       Unusable   N/A       N/A         4
 Metabolic Englaciation   Hex/Ice        Unusable   N/A       N/A         5
 Silence                  Hex/Air        Unusable   N/A       N/A         5
 Starburst                Conj/Fire      Unusable   6d3       N/A         6
 Discord                  Hex            Unusable   N/A       N/A         8
 Lehudib's Crystal Spear  Conj/Erth      Unusable   10d2      N/A         8
 Maxwell's Capacitive Co  Air            Unusable   ∞         N/A         8

Dungeon Overview and Level Annotations

Branches:
Dungeon (15/15)            Temple (0/1) D:7            Lair (5/5) D:9
  Swamp (4/4) Lair:3        Snake (4/4) Lair:2        Slime (0/5) Lair:5
    Orc (2/2) D:9             Elf (3/3) Orc:2        Vaults (5/5) D:13
  Crypt (0/3) Vaults:3     Depths (4/4) D:15            Zot (5/5) Depths:4
 Bailey (visited)         Volcano (visited)         Gauntlet (visited)

Altars:
Fedhas
Gozag
Nemelex Xobeh
Okawaru
Qazlal
Ru
Uskayaw
Xom
Jiyva

Shops:
D:10 ([   Orc:2 [([*   Elf:2 *   Elf:3 :   Snake:1 *   Snake:2 (=   Snake:4 =
Depths:1 *   Depths:4 =

Portals:
Hell: Depths:1 Depths:2 Depths:3 Depths:4
Abyss: Depths:3
Pandemonium: Depths:2
Ziggurat: Depths:4

Annotations:
D:15 fly
Snake:1 fly
Vaults:4 shaft


Innate Abilities, Weirdness & Mutations

You are immune to poison.
You have sharp fingernails.
Your flesh is cold resistant. (rC+)
You are immune to negative energy. (rN+++)
You do not regenerate when monsters are visible.
You are immune to unholy pain and torment.
You sometimes lose the ability to read scrolls when taking damage.
You cannot train Dodging skill.
You cannot study or cast Air magic.
You cannot study or cast Conjurations magic.
You cannot study or cast Hexes magic.
You are inexperienced. (-2 XL)
You thrive by killing the living.


Message History

The Ice Fiend is severely wounded.
The Ice Fiend claws you but does no damage. x2
You shoot an arrow.
The arrow hits the Ice Fiend but does no damage.
The Ice Fiend is severely wounded.
You shoot an arrow. The arrow hits the Ice Fiend!!
The Ice Fiend is almost dead.
The Ice Fiend gestures at you. The bolt of cold hits you!! You resist.
You shoot an arrow. The arrow barely misses the Ice Fiend.
The Ice Fiend is stunned by your conviction and fails to attack.
You shoot an arrow. The arrow barely misses the Ice Fiend.
The Ice Fiend claws you but does no damage.
The Ice Fiend barely misses you.
You shoot an arrow. The arrow hits the Ice Fiend!
The Ice Fiend is almost dead.
The Ice Fiend claws you but does no damage. x2
You shoot an arrow. The arrow hits the Ice Fiend!!
You kill the Ice Fiend!
You see here a hell hog corpse.
There is a stone staircase leading up here.
You climb upwards.
There is a stone staircase leading down here.
You see here a +0 whip.
There is a stone staircase leading up here.
You climb upwards.
There is a stone staircase leading down here.
You see here a +0 short sword.
Things that are here:
a +0 spear; a gnoll skeleton
There is a stone staircase leading up here.
You climb upwards.
There is a stone staircase leading down here.
There is a stone staircase leading up here.
You climb upwards.
There is a stone staircase leading down here.
A shadow demon comes into view.
You shoot an arrow.
The arrow closely misses the shadow demon.
You shoot an arrow. The arrow hits the shadow demon!
The shadow demon is moderately wounded.
You shoot an arrow.
The arrow completely misses the shadow demon.
You redirect the shadow demon's attack!
You shoot an arrow. The arrow hits the shadow demon!
The shadow demon is heavily wounded.
You shoot an arrow. The arrow hits the shadow demon!!
You kill the shadow demon!
There is a staircase leading out of the dungeon here.
You have escaped!

##....#####.~~~≈≈~≈~.## #..#.....
......# #....~≈≈≈..####>.#.....
......## #~.≈~.~~~...#..........
.......####~..~~~.~...#..........
.........##~~..~≈~...~#...#......
.........##≈≈..~~~..~~#####......
..##.....##≈~.......~≈# #..#...
...#.....##≈~.......~≈# #...###
...#.....##≈≈~~.@.~~≈≈#####......
...#..†..##≈≈≈~...~≈≈≈#..........
..........#≈≈≈~≈~.~≈≈≈#..........
..........#≈≈≈≈≈≈~≈≈≈≈#..........
..........#############..........
............# #.÷........
............# #..÷.......
............# ####.......
............# #....##.


There were no monsters in sight!

Vanquished Creatures
  2 dread liches
  Tiamat (Zot:2)
  4 ancient liches
  6 orbs of fire
  2 royal mummies (Depths:3)
  6 Killer Klowns
  Bai Suzhen (Snake:3)
  2 shard shrikes (Depths:3)
  A curse toe (Zot:4)
  6 golden dragons
  3 bone dragons
  4 electric golems
  17 tentacled monstrosities
  2 Ice Fiends
  26 Orb Guardians
  4 liches
  2 deep elf blademasters (Elf:3)
  A walking crystal tome (Depths:3)
  3 titans
  4 deep elf master archers
  7 quicksilver dragons
  2 walking earthen tomes (Depths:3)
  4 acid blobs (Zot:1)
  A kraken (Abyss:4)
  8 sphinxes
  2 Executioners
  2 tentacled starspawn (Abyss:2)
  7 death cobs
  A thorn hunter (Swamp:4)
  13 tengu reavers
  13 storm dragons
  7 shadow dragons
  5 draconian monks
  A fenstrider witch (Swamp:4)
  11 draconian knights
  Roxanne (Snake:2)
  8 nagarajas
  9 fire giants
  A balrug (Depths:3)
  4 deep elf sorcerers (Elf:3)
  3 draconian scorchers
  An orc warlord (Orc:1)
  13 frost giants
  An iron dragon (Depths:3)
  5 deep elf elementalists (Elf:3)
  14 vault wardens
  5 ghost moths
  19 ironbound preservers
  7 draconian shifters
  Louise (Snake:3)
  6 draconian stormcallers
  2 formless jellyfish
  2 draconian annihilators (Zot:5)
  21 very ugly things
  4 spriggan defenders
  2 reapers
  7 eleionomae
  9 vampire knights
  22 stone giants
  10 green draconians
  7 deep elf demonologists
  A demonspawn black sun (Depths:2)
  4 bunyips
  12 black draconians
  8 ironbound thunderhulks
  17 dire elephants
  A lorocyproca (Depths:2)
  A minotaur (Gauntlet)
  7 purple draconians
  9 deep elf annihilators
  23 yellow draconians
  17 white draconians
  10 red draconians
  2 spark wasps
  10 deep elf death magi
  9 ettins
  A blizzard demon (Depths:3)
  Snorg (Lair:5)
  An eidolon (Vaults:3)
  5 shambling mangroves
  8 deep elf high priests
  4 entropy weavers
  A merfolk impaler (Depths:4)
  A spriggan zombie (Depths:4)
  Josephine (Snake:1)
  2 jiangshi (Depths:2)
  5 great orbs of eyes
  14 yaktaur captains
  8 ice dragons
  17 hydras
  4 fire dragons
  5 spriggan air magi
  33 vault guards
  6 ogre magi
  A catoblepas (D:13)
  A spriggan skeleton (Depths:1)
  A ghost crab (Abyss:4)
  A peacekeeper (Vaults:3)
  A salamander tyrant (Depths:3)
  A merfolk avatar (Lair:5)
  3 rakshasas
  4 ironbound frosthearts
  5 alligators
  12 centaur warriors
  2 death knights
  31 dancing weapons
  17 two-headed ogres
  A demonic crawler (D:6)
  18 naga warriors
  10 anacondas
  8 boulder beetles
  5 deep troll earth magi
  6 deep troll shamans
  9 tengu warriors
  10 death yaks
  5 hell hogs
  An orc high priest (Orc:2)
  8 spriggan berserkers
  3 vampire magi
  6 shock serpents
  2 death scarabs (Depths:3)
  15 naga sharpshooters
  5 occultists
  2 soul eaters
  4 large abominations
  14 deep elf knights
  12 iron trolls
  15 spriggans
  4 wretched stars
  10 hell knights
  3 skeletal warriors
  3 salamander mystics
  A sixfirhy (D:14)
  A fire crab (Abyss:4)
  2 shadow wraiths
  4 skysharks (Lair:5)
  21 sea snakes
  5 goliath frogs
  A shadow demon (D:1)
  A spriggan druid (Swamp:4)
  The ghost of eyesofgods1 the Magician, a novice DjCj of Makhleb (D:6)
  12 swamp dragons
  60 deep trolls
  A sea snake (shapeshifter) (D:9)
  A flayed ghost (Depths:4)
  9 deep elf archers
  11 ironbound convokers
  12 naga ritualists
  4 lindwurms
  5 arcanists
  5 bog bodies
  3 orc knights
  31 deep elf zephyrmancers
  A golden dragon skeleton (Depths:1)
  An obsidian statue (Zot:5)
  4 glowing orange brains
  6 phantasmal warriors
  7 necromancers
  5 harpies (Vaults:2)
  23 deep elf pyromancers
  15 mana vipers
  A glowing shapeshifter (D:15)
  3 oklob plants (Zot:1)
  A wolf spider (shapeshifter) (Depths:2)
  An orc sorcerer (D:15)
  2 will-o-the-wisps
  A manticore (shapeshifter) (Vaults:5)
  A worldbinder (Abyss:4)
  3 moths of wrath (shapeshifter)
  7 cyclopes
  4 manticores
  36 ugly things
  8 guardian serpents
  21 salamanders
  31 moths of wrath
  A rust devil (D:10)
  8 elephants
  3 torpor snails
  25 naga magi
  34 black mambas
  A gargoyle (D:12)
  7 smoke demons
  An apocalypse crab (Abyss:4)
  A guardian serpent (shapeshifter) (Vaults:5)
  A torpor snail (shapeshifter) (Elf:3)
  23 vault sentinels
  An orange demon (D:5)
  Jeremiah (D:7)
  8 komodo dragons
  9 cane toads
  22 yaktaurs
  3 hellions
  7 rime drakes
  8 freezing wraiths
  A kobold demonologist (Abyss:4)
  2 tengu conjurers
  A guardian mummy (Depths:3)
  A troll (shapeshifter) (D:13)
  A komodo dragon (shapeshifter) (Elf:1)
  2 ancient zymes (Abyss:2)
  A queen bee (shapeshifter) (Vaults:5)
  A hellwing (Depths:2)
  14 trolls
  9 tyrant leeches
  6 polar bears
  A queen bee (Lair:3)
  2 wind drakes (Lair:5)
  A blink frog (shapeshifter) (Vaults:5)
  15 blink frogs
  25 hornets
  A snapping turtle (shapeshifter) (Depths:4)
  A raiju (Abyss:4)
  2 glass eyes (Depths:1)
  A snapping turtle (Lair:5)
  Sigmund (D:4)
  6 dream sheep (Lair:5)
  31 slime creatures
  A culicivora (shapeshifter) (D:14)
  A jumping spider (shapeshifter) (D:15)
  2 air elementals (Elf:1)
  2 culicivoras
  A vampire (D:12)
  5 wraiths
  34 yaks
  2 wyverns (Lair:5)
  8 water elementals
  5 humans (D:13)
  2 fire elementals
  Eustachio (D:4)
  14 vampire mosquitoes
  A neqoxec (Abyss:2)
  5 redbacks
  2 golden eyes (Zot:4)
  2 basilisks
  A chaos spawn (Zot:5)
  16 swamp worms
  A swamp worm (shapeshifter) (Vaults:5)
  6 wargs
  56 nagas
  2 acid dragons (D:11)
  2 small abominations
  A harpy simulacrum (Gauntlet)
  Duvessa (D:7)
  A black bear (Lair:4)
  33 orc warriors
  13 water moccasins
  3 sky beasts
  8 swamp drakes
  30 ogres
  11 wolves
  5 boggarts (Vaults:1)
  5 starcursed masses (Abyss:2)
  5 centaurs
  2 phantoms (D:5)
  6 kobold brigands
  20 bullfrogs
  A gnoll sergeant (D:5)
  2 earth elementals
  3 scorpions
  A glowing shapeshifter simulacrum (Depths:1)
  10 wights
  27 killer bees
  5 howler monkeys
  14 electric eels
  2 lava snakes (Snake:4)
  A crimson imp (D:4)
  3 hounds
  25 jellies
  An iron imp (Abyss:2)
  19 orc priests
  5 sleepcaps
  4 gnoll boudas
  3 iguanas
  24 orc wizards
  2 polar bear simulacra (Lair:3)
  7 yak simulacra (Lair:3)
  A boggart simulacrum (Gauntlet)
  Robin (D:2)
  22 gnolls
  8 adders
  4 shadow imps
  A white imp (D:7)
  4 ufetubi
  5 worms
  A dart slug (D:1)
  87 orcs
  7 endoplasms
  5 giant cockroaches
  21 goblins
  5 hobgoblins
  4 quokkas
  5 ball pythons
  5 bats
  5 frilled lizards
  A goblin skeleton (D:4)
  2 goblin zombies (D:4)
  4 hobgoblin zombies (D:4)
  27 kobolds
  A kobold skeleton (D:4)
  An orc skeleton (D:4)
  An orc zombie (D:4)
  8 rats
  2 river rat simulacra (Lair:3)
  A butterfly (Lair:4)
  2 starspawn tentacles (Abyss:2)
  A tentacle (Abyss:4)
2252 creatures vanquished.

Vanquished Creatures (collateral kills)
  A draconian scorcher (Zot:2)
  A green draconian (Zot:2)
  A bunyip (Swamp:4)
  A purple draconian (Zot:2)
  2 shadows (D:12)
  A yak (D:9)
  A gnoll (D:5)
8 creatures vanquished.

Vanquished Creatures (others)
  An Orb Guardian (Depths:4)
  A tengu reaver (Vaults:5)
  A frost giant (Depths:2)
  A stone giant (Depths:2)
  A black draconian (Zot:2)
  A purple draconian (Zot:5)
  2 red draconians (Zot:4)
  The ghost of MrCrawl the Destroyer, a journeyman DrFE of Vehumet (Lair:4)
  A peacekeeper (Vaults:3)
  A hydra (Swamp:4)
  A dancing weapon (Elf:2)
  A spriggan berserker (Depths:1)
  A thrashing horror (Abyss:2)
  2 deep elf knights
  A mana viper (Snake:1)
  A lindwurm (Lair:4)
  A moth of wrath (Zot:3)
  A guardian serpent (Snake:4)
  2 black mambas
  A komodo dragon (Lair:4)
  A troll (Orc:2)
  A ynoxinul (Depths:2)
  A wyvern (Lair:1)
  2 humans (D:13)
  A swamp worm (Swamp:2)
  A meliai simulacrum (Gauntlet)
  2 orc warriors
  Dowan (D:7)
  An iguana (D:4)
  A gnoll (D:5)
  An orc (D:4)
  4 starspawn tentacles (Abyss:2)
  3 tentacles (Abyss:4)
43 creatures vanquished.

Grand Total: 2303 creatures vanquished

Notes
Turn   | Place    | Note
-------+----------+-------------------------------------------
     0 | D:1      | Ge0ff the Ghoul Artificer began the quest for the Orb.
     0 | D:1      | Reached XP level 1. HP: 16/16 MP: 0/0
   191 | D:1      | Reached skill level 1 in Unarmed Combat
   273 | D:1      | Reached XP level 2. HP: 23/23 MP: 1/1
   605 | D:1      | Reached XP level 3. HP: 28/28 MP: 2/2
  1500 | D:2      | Noticed Robin
  1639 | D:2      | Reached XP level 4. HP: 29/36 MP: 3/3
  1819 | D:2      | Killed Robin
  1972 | D:2      | Found a faded altar of an unknown god.
  2001 | D:2      | Prayed at the altar of an unknown god.
  2001 | D:2      | Became a worshipper of Ru the Awakened
  2019 | D:2      | Gained mutation: You are somewhat inexperienced. (-1 XL)
                  | [Ru sacrifice]
  2019 | D:2      | Reached XP level 3. HP: 29/29 MP: 2/2
  2019 | D:2      | Reached * piety under Ru
  2120 | D:2      | You fall into a shaft and drop 1 floor!
  2583 | D:3      | Reached XP level 4. HP: 36/36 MP: 3/3
  2952 | D:4      | Noticed Eustachio
  2956 | D:4      | Killed Eustachio
  2957 | D:4      | Reached XP level 5. HP: 41/41 MP: 4/4
  3505 | D:4      | Reached XP level 6. HP: 31/48 MP: 5/5
  4042 | D:4      | Found a sparkling altar of Nemelex Xobeh.
  4141 | D:4      | Found an opulent altar of Gozag.
  4526 | D:4      | Noticed Sigmund
  4532 | D:4      | Killed Sigmund
  5190 | D:4      | Found a sparkling altar of Nemelex Xobeh.
  5191 | D:4      | Found an opulent altar of Gozag.
  5970 | D:5      | Entered Level 5 of the Dungeon
  5993 | D:5      | Reached XP level 7. HP: 48/60 MP: 6/6
  6133 | D:5      | Reached skill level 5 in Fighting
  6133 | D:5      | Reached skill level 5 in Evocations
  6442 | D:5      | Reached skill level 1 in Throwing
  6711 | D:5      | Reached skill level 1 in Dodging
  6942 | D:5      | Found an iron altar of Okawaru.
  7067 | D:6      | Reached XP level 8. HP: 69/69 MP: 7/7
  7556 | D:6      | Noticed a troll
  7559 | D:6      | Killed a troll
  7561 | D:6      | Reached skill level 10 in Unarmed Combat
  7590 | D:6      | Found a transporter.
  7594 | D:6      | Found a transporter.
  7594 | D:6      | Noticed eyesofgods1's ghost (novice DjCj)
  7802 | D:6      | Found a hide-covered altar of Uskayaw.
  8854 | D:7      | Noticed Dowan
  8854 | D:7      | Noticed Duvessa
  8869 | D:7      | Your ally Dowan died
  8870 | D:7      | Killed Duvessa
  9027 | D:7      | Noticed Jeremiah
  9051 | D:7      | Killed Jeremiah
  9052 | D:7      | Reached XP level 9. HP: 73/79 MP: 8/8
  9585 | D:7      | Found a blossoming altar of Fedhas.
  9759 | D:7      | Found a staircase to the Ecumenical Temple.
  9954 | D:8      | Found a flagged portal.
  9971 | Bailey   | Entered a bailey
 10528 | Bailey   | Reached skill level 5 in Armour
 11541 | D:9      | Found a staircase to the Orcish Mines.
 11583 | D:9      | Reached XP level 10. HP: 74/90 MP: 9/9
 11625 | D:9      | Found a staircase to the Lair.
 11706 | D:9      | Gained mutation: You occasionally lose the ability to read
                  | scrolls when taking damage. [Ru sacrifice]
 11706 | D:9      | Gained mutation: You sometimes lose the ability to read
                  | scrolls when taking damage. [Ru sacrifice]
 11706 | D:9      | Reached ** piety under Ru
 11706 | D:9      | Reached *** piety under Ru
 11769 | D:9      | Found a sacrificial altar of Ru.
 11827 | D:9      | Found a stormy altar of Qazlal.
 11918 | D:9      | Reached skill level 10 in Fighting
 12217 | D:9      | Noticed a deep elf pyromancer
 12228 | D:9      | Killed a deep elf pyromancer
 12339 | D:9      | Noticed a tengu warrior
 12348 | D:9      | Killed a tengu warrior
 12454 | D:9      | Noticed a sea snake
 12470 | D:9      | Killed a sea snake
 12542 | D:10     | Entered Level 10 of the Dungeon
 12600 | D:10     | Reached skill level 1 in Ranged Weapons
 13382 | D:10     | Identified a scroll of acquirement
 13382 | D:10     | Acquired 554 gold pieces
 13467 | D:10     | Found Fypp's Weapon Shop.
 13563 | D:10     | Found Muggaih's Armour Boutique.
 13571 | D:10     | Bought a +1 plate armour of willpower for 525 gold pieces
 13985 | D:11     | Found a portal to a secret trove of treasure.
 14191 | D:11     | Acquired the +0 pair of gloves of the Farmer {Contam rPois
                  | Str+2 Dex+9 Stlth+}
 15861 | D:10     | Gained mutation: You cannot train Dodging skill. [Ru
                  | sacrifice]
 15861 | D:10     | Reached **** piety under Ru
 15960 | D:11     | Reached skill level 5 in Ranged Weapons
 16662 | D:11     | Found a portal to a secret trove of treasure.
 17278 | D:12     | Reached XP level 11. HP: 101/101 MP: 10/10
 19439 | Gauntlet | Identified the of Goesis
 19439 | Lair:1   | Entered Level 1 of the Lair of Beasts
 19451 | Lair:1   | Noticed a boulder beetle
 19460 | Lair:1   | Killed a boulder beetle
 20281 | Lair:2   | Found a staircase to the Snake Pit.
 20408 | Lair:2   | Gained mutation: You cannot study or cast Air magic. [Ru
                  | sacrifice]
 20408 | Lair:2   | Gained mutation: You cannot study or cast Hexes magic. [Ru
                  | sacrifice]
 20408 | Lair:2   | Gained mutation: You cannot study or cast Conjurations
                  | magic. [Ru sacrifice]
 20408 | Lair:2   | Reached ***** piety under Ru
 21256 | Lair:3   | Reached skill level 10 in Ranged Weapons
 21297 | Lair:3   | Noticed a boulder beetle
 21306 | Lair:3   | Killed a boulder beetle
 21517 | Lair:3   | Reached XP level 12. HP: 108/108 MP: 11/11
 21616 | Lair:3   | Found a staircase to the Swamp.
 22136 | Lair:4   | Found a transporter.
 22376 | Lair:4   | Found a transporter.
 22449 | Lair:4   | Noticed MrCrawl's ghost (journeyman DrFE)
 22688 | Lair:5   | Entered Level 5 of the Lair of Beasts
 23128 | Lair:5   | Noticed Snorg
 23431 | D:6      | Killed eyesofgods1's ghost
 23762 | Lair:4   | Killed MrCrawl's ghost
 23763 | Lair:4   | Reached XP level 13. HP: 98/110 MP: 4/12
 23956 | Lair:4   | Reached skill level 15 in Ranged Weapons
 24338 | Lair:5   | Killed Snorg
 24759 | Lair:5   | Upgraded the game from 0.31-a0-983-g7b6862f502 to
                  | 0.31-a0-986-g5e6e4ef867
 25550 | Lair:5   | Found a viscous altar of Jiyva.
 25550 | Lair:5   | Found a staircase to the Slime Pits.
 26346 | Orc:1    | Entered Level 1 of the Orcish Mines
 26425 | Orc:1    | Found a dark tunnel.
 26436 | Volcano  | Entered a volcano
 26867 | Orc:1    | Noticed an orc warlord
 26876 | Orc:1    | Killed an orc warlord
 27017 | Orc:2    | Entered Level 2 of the Orcish Mines
 27031 | Orc:2    | Reached XP level 14. HP: 105/105 MP: 5/13
 27148 | Orc:2    | Found Was Pua's Assorted Antiques.
 27277 | Orc:2    | Found Plog's Antique Weapon Boutique.
 27283 | Orc:2    | Found Osoosist's Antique Armour Emporium.
 27285 | Orc:2    | Bought a scroll of identify for 68 gold pieces
 27285 | Orc:2    | Bought a scroll of identify for 68 gold pieces
 27295 | Orc:2    | Found Wootheg's Armour Boutique.
 27469 | Orc:2    | Reached skill level 10 in Armour
 27476 | Orc:2    | Found a staircase to the Elven Halls.
 29268 | D:13     | Found a gate to the Vaults.
 29392 | D:14     | Found a gate leading to a gauntlet.
 29433 | Gauntlet | Entered a Gauntlet
 29433 | Gauntlet | Found a transporter.
 29433 | Gauntlet | Found a transporter.
 29445 | Gauntlet | Found a transporter.
 29463 | Gauntlet | Found a transporter.
 29463 | Gauntlet | Found a transporter.
 29463 | Gauntlet | Found a transporter.
 29465 | Gauntlet | Found a transporter.
 29465 | Gauntlet | Found a transporter.
 29470 | Gauntlet | Found a runed translucent door.
 29475 | Gauntlet | Found a runed translucent door.
 29477 | Gauntlet | Found a transporter.
 29492 | Gauntlet | Found a transporter.
 29496 | Gauntlet | Found a runed translucent door.
 29503 | Gauntlet | Found a transporter.
 29517 | Gauntlet | Found a transporter.
 29551 | Gauntlet | Found a transporter.
 29567 | Gauntlet | Found a transporter.
 29614 | Gauntlet | Identified the ring of the Middle {rN+ MP+9}
 29643 | Gauntlet | Identified the +1 pair of gloves of Courage {rN+++ Will+++
                  | Str-3 Int-2}
 29680 | Gauntlet | Identified the +1 hat "Luovy" {Will- Regen+ Int+3 Dex+2}
 29682 | Gauntlet | meh
 29703 | Gauntlet | Identified the +4 orcbow of the Enchanted Forest {freeze,
                  | rElec}
 29703 | Gauntlet | Identified the +9 pearl dragon scales of Ymnuc {rElec rN+
                  | Int+3 Slay+2}
 29704 | Gauntlet | hello there
 29719 | Gauntlet | Identified the +5 trident of Vuobb {heavy, rF- rN+ Str+5}
 29723 | Gauntlet | Identified the +8 tower shield of Joy {rC+ Int+4}
 29723 | Gauntlet | Identified the +2 pair of boots of the Wheelwright {Int+3}
 30154 | D:15     | Entered Level 15 of the Dungeon
 30218 | D:15     | Reached XP level 15. HP: 139/139 MP: 14/14
 30315 | D:15     | Found a staircase to the Depths.
 30590 | D:15     | Reached skill level 15 in Fighting
 31187 | D:11     | You paid a toll of 4 scrolls of blinking to enter a
                  | treasure trove
 31188 | Trove    | Entered a treasure trove
 31214 | Trove    | Identified the +1 triple sword of the Twelve Visions
                  | {venom, Str+4}
 31215 | Trove    | Identified the +1 arbalest "Livamim" {heavy, Dex+4}
 31406 | Swamp:1  | Entered Level 1 of the Swamp
 33209 | Swamp:3  | Reached XP level 16. HP: 137/149 MP: 15/15
 33553 | Swamp:4  | Entered Level 4 of the Swamp
 33970 | Swamp:4  | Got a decaying rune of Zot
 34755 | Snake:1  | Entered Level 1 of the Snake Pit
 34825 | Snake:1  | You fall into a shaft and drop 1 floor!
 35261 | Snake:1  | Gained mutation: You are inexperienced. (-2 XL) [Ru
                  | sacrifice]
 35261 | Snake:1  | Reached XP level 15. HP: 138/138 MP: 14/14
 35261 | Snake:1  | Reached ****** piety under Ru
 35359 | Snake:1  | Noticed Josephine
 35366 | Snake:1  | Killed Josephine
 35705 | Snake:1  | Found Waozonodi's Mass Market.
 35956 | Snake:1  | Reached XP level 16. HP: 130/152 MP: 15/15
 36617 | Snake:2  | Noticed Roxanne
 36634 | Snake:2  | Killed Roxanne
 36971 | Snake:2  | Found Bipeheotz's Jewellery Shoppe.
 36979 | Snake:2  | Found Amedywn's Antique Weapon Shoppe.
 38066 | Snake:3  | Identified the +4 spear "Giant's Funeral" {spect, rElec}
 38155 | Snake:3  | Noticed Bai Suzhen
 38165 | Snake:3  | Killed Bai Suzhen
 38210 | Snake:3  | Noticed Louise
 38213 | Abyss:2  | Cast into level 2 of the Abyss (Louise)
 38223 | Abyss:2  | Found a shimmering altar of Xom.
 38223 | Abyss:2  | Found a shimmering altar of Xom.
 38224 | Abyss:2  | Found a shimmering altar of Xom.
 38410 | Abyss:2  | Noticed a bone dragon
 38543 | Abyss:2  | Noticed a lich
 38726 | Snake:3  | Escaped the Abyss
 38731 | Snake:3  | Killed Louise
 39481 | Snake:4  | Entered Level 4 of the Snake Pit
 39720 | Snake:4  | Reached XP level 17. HP: 168/168 MP: 16/16
 39820 | Snake:4  | Found Paeciska's Jewellery Shoppe.
 40134 | Snake:4  | Reached skill level 5 in Throwing
 40140 | Snake:4  | Learned a level 2 spell: Passwall
 40364 | Snake:4  | Reached skill level 1 in Earth Magic
 40615 | Snake:4  | Reached skill level 1 in Transmutations
 40617 | Snake:4  | Reached skill level 1 in Spellcasting
 40849 | Snake:4  | Found Paeciska's Jewellery Shoppe.
 41452 | Snake:4  | Got a serpentine rune of Zot
 41698 | Crypt:3  | Identified the of Leaqoy
 41698 | Depths:4 | Identified the "Etanohy"
 41698 | Elf:1    | Entered Level 1 of the Elven Halls
 41768 | Elf:1    | Paralysed by an air elemental for 1 turns
 43167 | Elf:2    | Found Gophoc's Assorted Antiques.
 43173 | Elf:2    | Bought a pair of ancient boots for 247 gold pieces
 43173 | Elf:2    | Identified the +0 pair of boots of the Gloaming {rC+ Str+3}
                  | (You bought it in a shop on level 2 of the Elven Halls)
 43179 | Elf:2    | Reached XP level 18. HP: 154/159 MP: 12/21
 43584 | Elf:2    | Found a huge runed translucent gate.
 43584 | Elf:2    | Found a huge runed translucent gate.
 43584 | Elf:2    | Found a huge runed translucent gate.
 43584 | Elf:2    | Found a huge runed translucent gate.
 43585 | Elf:2    | Found a huge runed translucent gate.
 43921 | Elf:2    | Reached skill level 5 in Earth Magic
 44321 | Elf:3    | Entered Level 3 of the Elven Halls
 44696 | Elf:3    | Identified the +7 dagger of Goic {heavy, rElec rPois Str+2}
 44700 | Elf:3    | Identified the +8 war axe of Kuwiu {flame, rC++ rN++ Str-5}
 44701 | Elf:3    | Reached skill level 10 in Evocations
 44844 | Elf:3    | Noticed a Tzitzimitl
 45135 | Elf:3    | Found Goaph's Tiny Tomes.
 45543 | Elf:3    | Found Goaph's Tiny Tomes.
 46009 | Elf:3    | Identified the +2 helmet of Ytid {Drain +Inv rCorr Int-4}
 46417 | Orc:2    | Bought a scroll of vulnerability for 136 gold pieces
 46417 | Orc:2    | Bought a wand of iceblast (4) for 326 gold pieces
 46417 | Orc:2    | Bought a scroll of enchant weapon for 255 gold pieces
 46870 | Vaults:1 | Entered Level 1 of the Vaults
 46964 | Vaults:1 | Reached XP level 19. HP: 172/173 MP: 24/24
 48764 | Vaults:2 | You fall into a shaft and drop 1 floor!
 49000 | Vaults:2 | Reached skill level 15 in Armour
 50159 | Vaults:3 | Reached XP level 20. HP: 186/186 MP: 25/25
 50347 | Vaults:3 | Found a staircase to the Crypt.
 50562 | Vaults:3 | Identified the +1 chain mail "Giuloim" {rC+ rN+ Str-4}
 51077 | Vaults:4 | Identified the +3 halberd of Reason {freeze, Str+4 Int+2}
 52239 | Orc:2    | Bought a faintly humming plate armour for 896 gold pieces
 52239 | Orc:2    | Identified the +8 plate armour of a ziggurat {rElec rPois}
                  | (You bought it in a shop on level 2 of the Orcish Mines)
 52443 | Depths:1 | Entered Level 1 of the Depths
 52615 | Depths:1 | Found a gateway to Hell.
 52616 | Depths:1 | Found a flickering gateway to a bazaar.
 52642 | Bazaar   | Entered a bazaar
 52646 | Bazaar   | Found Zoda's Antique Armour Emporium.
 52649 | Bazaar   | Found Newkuul's Antique Armour Shoppe.
 52657 | Bazaar   | Found Wucvean's Book Emporium.
 52664 | Bazaar   | Bought a book of Cantrips for 192 gold pieces
 52666 | Bazaar   | Learned a level 1 spell: Apportation
 52667 | Bazaar   | Found Dibijacw's Assorted Antiques.
 52675 | Bazaar   | Bought a potion of heal wounds for 100 gold pieces
 52675 | Bazaar   | Bought a potion of heal wounds for 100 gold pieces
 52675 | Bazaar   | Bought a scroll of teleportation for 60 gold pieces
 52675 | Bazaar   | Bought a scroll of poison for 80 gold pieces
 52750 | Depths:1 | Reached skill level 15 in Evocations
 53072 | Depths:1 | Found a shimmering altar of Xom.
 53073 | Depths:1 | Found a shimmering altar of Xom.
 53278 | Depths:1 | Found Lerumy's General Store.
 53607 | Depths:2 | Found a one-way gate leading to the halls of Pandemonium.
 53740 | Depths:2 | Reached skill level 1 in Translocations
 53756 | Depths:2 | Reached XP level 21. HP: 188/190 MP: 26/26
 54064 | Abyss:4  | Cast into level 4 of the Abyss (tengu reaver)
 54127 | Abyss:4  | Reached skill level 5 in Spellcasting
 54169 | Abyss:4  | Got an abyssal rune of Zot
 54279 | Depths:2 | Escaped the Abyss
 55306 | Depths:3 | Found a large runed translucent door.
 55307 | Depths:3 | Found a large runed translucent door.
 55518 | Depths:3 | Noticed a shard shrike
 55595 | Depths:3 | Found a one-way gate to the infinite horrors of the Abyss.
 56175 | Depths:3 | Identified the +3 ring mail "Zijigun" {Int+7 Dex+2 Slay-4
                  | SInv}
 56181 | Depths:3 | Reached skill level 5 in Translocations
 56189 | Depths:3 | Noticed a royal mummy
 56190 | Depths:3 | nice vault
 56217 | Depths:3 | Killed a royal mummy
 56321 | Depths:3 | Killed a shard shrike
 56666 | Depths:3 | Noticed a shard shrike
 56675 | Depths:3 | Killed a shard shrike
 56829 | Depths:3 | Noticed a royal mummy
 56845 | Depths:3 | Killed a royal mummy
 56910 | Depths:3 | Identified the staff of Ilia {rC- rN+ Int+3 SInv Conj}
 57050 | Depths:4 | Entered Level 4 of the Depths
 57081 | Depths:4 | Reached XP level 22. HP: 175/209 MP: 31/31
 57652 | Depths:4 | Found a gate to the Realm of Zot.
 57772 | Depths:4 | Noticed an ancient lich
 57791 | Depths:4 | Killed an ancient lich
 57833 | Depths:4 | Found a one-way gateway to a ziggurat.
 57997 | Depths:4 | Found Gufujam's Jewellery Shop.
 58927 | Vaults:4 | You fall into a shaft and drop 1 floor!
 58927 | Vaults:5 | Entered Level 5 of the Vaults
 58927 | Vaults:5 | Noticed a dread lich
 59085 | Vaults:5 | Identified the staff of Tuked {rElec Int+7 Conj}
 59116 | Vaults:5 | Killed a dread lich
 59145 | Vaults:5 | Identified the +4 mace "Kurun" {heavy, rN+}
 59221 | Vaults:5 | Reached skill level 5 in Transmutations
 59511 | Vaults:5 | Identified the ring "Idowkedoz" {*Corrode rF+ rN+ Dex+3}
 59553 | Vaults:5 | Identified the +10 bardiche "Mecus" {venom, *Slow Fly rPois
                  | Stlth+}
 59983 | Vaults:5 | Reached XP level 23. HP: 212/215 MP: 32/32
 60531 | Vaults:5 | Got a silver rune of Zot
 61535 | Vaults:5 | Identified the +1 cloak of the Taurataur {+Blink Int+2
                  | Dex-2}
 61928 | Orc:2    | Bought a glimmering orb for 448 gold pieces
 61928 | Orc:2    | Identified the orb of Idydyn {guile, Harm SInv} (You bought
                  | it in a shop on level 2 of the Orcish Mines)
 62014 | Elf:2    | Bought a scroll of teleportation for 78 gold pieces
 62014 | Elf:2    | Bought a scroll of poison for 104 gold pieces
 62014 | Elf:2    | Bought a potion of magic for 208 gold pieces
 62353 | Zot:1    | Identified the of Vackuyro
 62353 | Zot:1    | Entered Level 1 of the Realm of Zot
 63390 | Zot:1    | Reached skill level 5 in Stealth
 63796 | Zot:2    | Identified the "Vefaduumm"
 63796 | Zot:2    | Identified the "Geoc"
 64778 | Zot:2    | Reached skill level 10 in Throwing
 64849 | Zot:2    | Reached XP level 24. HP: 173/224 MP: 32/32
 64863 | Zot:2    | Noticed a Killer Klown
 64872 | Zot:2    | Killed a Killer Klown
 65393 | Zot:2    | Reached skill level 10 in Stealth
 65751 | Zot:2    | Found the +4 dragonskin cloak
 65751 | Zot:2    | Noticed Tiamat
 66868 | Zot:2    | Killed Tiamat
 67650 | Zot:3    | Noticed an orb of fire
 67660 | Zot:3    | Killed an orb of fire
 67984 | Zot:4    | Noticed an orb of fire
 67990 | Zot:4    | Killed an orb of fire
 68582 | Zot:5    | Entered Level 5 of the Realm of Zot
 68852 | Zot:5    | Reached XP level 25. HP: 191/206 MP: 25/32
 68863 | Zot:5    | Reached skill level 15 in Stealth
 69465 | Zot:5    | Noticed an orb of fire
 69481 | Zot:5    | Killed an orb of fire
 69517 | Zot:5    | Noticed an orb of fire
 69531 | Zot:5    | Killed an orb of fire
 69532 | Zot:5    | Noticed an ancient lich
 69550 | Zot:5    | Killed an ancient lich
 69998 | Zot:5    | Noticed a dread lich
 70008 | Zot:5    | Killed a dread lich
 70009 | Zot:5    | Reached skill level 15 in Throwing
 70110 | Zot:5    | Noticed an ancient lich
 70118 | Zot:5    | Killed an ancient lich
 70352 | Zot:5    | Noticed an ancient lich
 70369 | Zot:5    | Killed an ancient lich
 70646 | Zot:5    | Noticed an orb of fire
 70655 | Zot:5    | Killed an orb of fire
 70670 | Zot:5    | Noticed an orb of fire
 70929 | Zot:5    | Killed an orb of fire
 71474 | Zot:5    | Got the Orb of Zot
 71602 | Depths:4 | Noticed Susch the pandemonium lord
 71813 | D:10     | Noticed Westaic the pandemonium lord
 72051 | D:$      | Escaped with the Orb!

Illustrated notes

###...#.©.........©....
#≈..###################
##..#^..ZZ..#.#©..#uG.#
#≈..#..####.#.###.#u#.#
##..#.#..^#.#.#...#.#.#
#≈..#.#.©.#.#.#.###.#.#
##..#.#^..#.#.#.#...#$#
#≈..#.####..#.#+#.###"#
##§.#.@)©..^#.#...#Guu#
#§§.#########.#########
##§....................
#§....§§........8.∩.8..
###≈#≈#§#≈#≈###########
############.........
#...©.©.©..
#...........
#.#.#######.


Turn 29682 on Gauntlet: meh §§.............8.∩.8.............
##≈#≈#≈#≈#≈#############≈#≈#≈#≈#≈ ############.........###########
##...©.©.©...## #.............# #.#.#######.#.# #.#....#....#.# #.#.##.#.##.#.#
#.....@.......# #.#..##'##..#.# #.#..# .8#..#.# #....# ..#....# ###8.# .8#.8###
#### .[#### .8# H|# Turn 29704 on Gauntlet: hello there #.....# #.##### #.# ###
#.# ##..# #.# #.~~~##.# i[~~~['.# M.§°§)[.##### #.~~.##@....# ##..# #.....#
################.##### .......##...)....# .......##........# .......##........#
.....).##........# .......##........# .................##### Turn 56190 on
Depths:3: nice vault

Levels and vault maps discovered:
D:1:      dpeg_arrival_more_subterranean_lakeside_camping, layout_basic,
          minmay_misc_feat_square, minmay_tromino_i2
D:2:      layout_loops_ring, shapermc_ecumenical_altar_acropolis, serial_forest,
          infiniplex_forest_clump_small, infiniplex_forest_straight_1,
          infiniplex_forest_end_double, infiniplex_forest_lined_room_2,
          infiniplex_forest_zigzag_2, infiniplex_forest_straight_2,
          infiniplex_forest_straight_1, uniq_robin
D:3:      layout_rooms
D:4:      layout_basic, grunt_temple_overflow_opulence,
          nicolae_tso_besieged_by_evil, serial_curves, eino_curves_01,
          eino_curves_03, uniq_eustachio, uniq_sigmund
D:5:      layout_cave_pools, gammafunk_temple_overflow_elements
D:6:      layout_loops_corners, mainiacjoe_overflow_boulevard,
          gammafunk_ghost_hive, nrook_pool_corridor, kennysheep_generic_room_7
D:7:      layout_loops_corners, fedhas_altar_fruit_tree,
          minmay_temple_entry_glassed_door, uniq_jeremiah, uniq_duvessa
D:8:      layout_loops_cross, lightli_bailey_entry_fortress, hex_medium
D:9:      layout_rooms, lemuel_coloured_pillars_altar, lemuel_tele_altar,
          lair_entry_dummy, orc_0_dummy, grunt_tough_drop
D:10:     layout_loops_ring, serial_shops, nicolae_shop_crystal, shop
D:11:     layout_stronghold, enter_trove_3, nrook_loot_triangle
D:12:     layout_gridville
D:13:     layout_cave_pools, ximxim_vaults_locker_room, serial_co_window_serial,
          co_window_corner_a, co_window_cross_1, co_window_paths_a,
          co_window_of_opportunity_a, co_window_corner_a, co_window_corner_a,
          co_window_of_opportunity_c, co_window_cross_2, co_window_2corner,
          co_window_unsneaky_path_b, co_window_2corner
D:14:     layout_big_octagon, nicolae_benzene_ring, gauntlet_entry_generic
D:15:     gammafunk_enter_depths_forms, layout_basic, minmay_crystal_water
Lair:1:   layout_small_grid
Lair:2:   layout_layer_cave, guppyfry_snake_entry_garden, nicolae_lair_lil_pond
Lair:3:   layout_loops_ring, swamp_mist, special_room [special_room_bee],
          eino_house_with_fridge, lemuel_fruit_tree
Lair:4:   layout_big_grid, nzn_ghost_randoct, lemuel_fruit_fields,
          serial_bayou_shore_a
Lair:5:   gammafunk_lair_ancient_temple, layout_regular_city,
          nicolae_slime_entry_field_trip, uniq_snorg
Swamp:1:  layout_basic_swamp, evilmike_swamp_ruin_house_3,
          nicolae_swamp_tree_designs
Swamp:2:  layout_basic_swamp, serial_swamp_ruin, evilmike_swamp_ruin_rubble_2,
          hangedman_swamp_ruin_hall, evilmike_swamp_ruin_house_1, swamp_pool_5
Swamp:3:  layout_basic_swamp, nicolae_swamp_bean_lake, swamp_pool_4
Swamp:4:  swamp_alternative, layout_basic_swamp, nicolae_swamp_tree_isthmus
Snake:1:  layout_basic, serial_curves, eino_curves_02, eino_curves_02,
          minmay_shop_mass, uniq_josephine
Snake:2:  layout_layer_cave, minmay_shop_star, uniq_roxanne
Snake:3:  layout_basic, serial_bayou_pond_a, grunt_megastairs_5, uniq_louise,
          uniq_bai_suzhen
Snake:4:  grunt_snake_rune_pools, layout_basic, serial_shops, shop
Orc:1:    layout_diamond_mine, lightli_volcano_entry_magma_tube, basic_altar,
          abandoned_shop
Orc:2:    st_orc_open, layout_caves, nicolae_orc_pool_cavern
Elf:1:    eino_elf_arrival_sip, layout_gridlike, evilmike_minifort
Elf:2:    elven_hall_of_blades_hangedman_alternative
          [nicolae_blade_little_rooms], layout_geoelf_grid, serial_shops,
          nicolae_shop_dealshenge, grunt_ministairs_15
Elf:3:    minmay_elf_hall_not_hex, layout_geoelf_octagon, minivault_16,
          nicolae_shop_i_like_small_books_too
Vaults:1: v_misc_12, nicolae_vaults_octothorpe, nicolae_vaults_what_the_h,
          vaults_room_pool, nicolae_vaults_wrenched,
          nicolae_vaults_closet_pinwheel_5, hangedman_vaults_capsules,
          nicolae_vaults_theta, ontoclasm_vaults_fault, layout_vaults_big_room
Vaults:2: nicolae_vaults_puzzle_piece, grunt_vaults_bifocal,
          ontoclasm_vaults_bender, v_misc_29, v_pattern_4,
          nicolae_vaults_tetromino_Z_2, vaults_room_stairs_pillars, st_squares,
          nicolae_vaults_network_quinsquares
          [nicolae_vaults_network_quincunx_subvault,
          nicolae_vaults_network_quincunx_subvault,
          nicolae_vaults_network_quincunx_subvault,
          nicolae_vaults_network_quincunx_subvault],
          ontoclasm_vaults_ring_square, nicolae_vaults_more_shelving_1,
          nicolae_vaults_asterisk, layout_vaults_omnicross
Vaults:3: minmay_crypt_entry_simple_plaza, nicolae_vaults_three_branches,
          v_rooms_3, v_misc_3, nicolae_vaults_network_periphery,
          dpeg_vaults_monster_row, nicolae_vaults_shock_wave,
          hangedman_vaults_stream, nicolae_vaults_little_ls,
          nicolae_vaults_trapezoid_lopsided_1, ontoclasm_vaults_shuriken,
          vaults_room_pool, layout_vaults_ring
Vaults:4: nicolae_vaults_cochlea, v_misc_12, nicolae_vaults_storage_closets_2,
          vaults_mumra_minichess, v_misc_18, layout_vaults_omnigrid
Vaults:5
Depths:1: layout_basic, serial_shops, bzr_entry_gold, nicolae_shop_statue_plus,
          serial_sigils, serial_sigils_hangedman_scar,
          serial_sigils_hangedman_shear, serial_sigils_hangedman_snap,
          serial_sigils_hangedman_etch, hell_entry, grunt_decor_arrowhead,
          xom_redecorated
Depths:2: minmay_the_grid_triangle_9x9_rhombus_full_mashed
          [minmay_the_grid_triangle_9x9_zippers_vertical,
          minmay_the_grid_triangle_9x9_longest,
          minmay_the_grid_triangle_9x9_minimal,
          minmay_the_grid_triangle_9x9_windchime,
          minmay_the_grid_triangle_9x9_negative_grid,
          minmay_the_grid_triangle_9x9_steps,
          minmay_the_grid_triangle_9x9_wacky_v,
          minmay_the_grid_triangle_9x9_prize_top_heavy], layout_cave_shapes,
          rand_demon_pan_entry_3, hell_entry, hangedman_abyss_or_decor_stagger
Depths:3: lightli_eight_chambers, layout_long_grid, hangedman_tar_grid_catacomb,
          abyss_entry_glasseish, hex_tiny, infiniplex_staircase_hallway_doors
Depths:4: evilmike_zot_entry_basic, layout_gridlike, enter_ziggurat_a,
          special_room [special_room_morgue], nicolae_sextant, grunt_metal_band,
          serial_shops, nicolae_lakefront_shop, grunt_megastairs_1,
          serial_bayou_shore_b
Zot:1:    lemuel_acid_trip, layout_concentric_octagons
Zot:2:    hangedman_zot_vaults_quadrants, layout_cathedral_of_symmetry,
          st_stairs_9, nicolae_lava_and_water, uniq_tiamat
Zot:3:    layout_misc_corridors
Zot:4:    layout_misc_corridors, st_stairs_8
Zot:5:    layout_basic

Skill      XL: |  1  2  3  4  5  6  7  8  9 10 11 12 13 14 15 16 17 18 19 20 21 22 23 24 25 |
---------------+----------------------------------------------------------------------------+-----
Unarmed Combat | 1 2 4 6 7 9 10 11 | 11.0
Fighting       | 2 4 5 7 8 10 12 14 15 19 20 | 20.0
Evocations     | 3 4 5 7 8 11 13 15 17 19 20 | 20.0
Armour         | 2 3 6 8 11 13 15 17 18 19 20 | 20.0
Throwing       | 1 2 3 4 6 10 13 16 | 16.0
Dodging        | 1 2 0 |  0.0
Ranged Weapons | 5 11 14 16 20 19 | 20.9
Earth Magic    | 4 5 6 7 |  7.0
Transmutations | 3 4 5 7 |  7.0
Spellcasting   | 3 4 7 |  7.0
Translocations | 1 6 7 |  7.0
Stealth        | 9 14 18 | 18.5

Action                     |  1- 3 |  4- 6 |  7- 9 | 10-12 | 13-15 | 16-18 | 19-21 | 22-24 | 25-27 || total
---------------------------+-------+-------+-------+-------+-------+-------+-------+-------+-------++-------
  Melee: Unarmed           |   176 |   181 |   398 |   137 |       |       |       |       |       ||   892
         Punch             |     4 |     9 |    21 |    11 |       |       |       |       |       ||    45
   Fire: Orcbow            |       |       |       |   616 |  1100 |  1697 |       |       |       ||  3413
         Longbow           |       |       |       |       |       |    37 |  1544 |  1675 |   436 ||  3692
         Arbalest          |       |       |       |       |       |       |    21 |       |       ||    21
  Throw: Stone             |    17 |    22 |    35 |       |       |       |       |       |       ||    74
         Boomerang         |       |       |     6 |       |       |       |       |       |       ||     6
         Throwing net      |       |       |       |       |     2 |       |       |       |     1 ||     3
         Dart              |       |       |       |       |     1 |       |     1 |     1 |       ||     3
         Javelin           |       |       |       |       |       |       |       |       |     2 ||     2
   Cast: Apportation       |       |       |       |       |       |       |     1 |     1 |     4 ||     6
         Passwall          |       |       |       |       |       |       |     1 |     1 |     1 ||     3
 Invoke: Sacrifice Experie |     1 |       |       |       |     1 |       |       |       |       ||     2
         Reject Sacrifices |       |       |     1 |       |     1 |       |       |       |       ||     2
         Sacrifice Words   |       |       |       |     1 |       |       |       |       |       ||     1
         Sacrifice Nimblen |       |       |       |     1 |       |       |       |       |       ||     1
         Sacrifice Arcana  |       |       |       |     1 |       |       |       |       |       ||     1
         Apocalypse        |       |       |       |     5 |     9 |    12 |    11 |    14 |     3 ||    54
         Draw Out Power    |       |       |       |     1 |       |       |     1 |     1 |       ||     3
         Power Leap        |       |       |       |       |       |     2 |       |     2 |       ||     4
  Evoke: Wand              |     1 |     9 |    43 |     9 |       |    14 |    25 |    35 |     6 ||   142
         Tin of tremorston |       |       |       |       |     6 |     9 |    10 |     7 |     1 ||    33
         Phantom mirror    |       |       |       |       |     1 |     1 |       |       |       ||     2
         Phial of floods   |       |       |       |       |       |     2 |     3 |     2 |       ||     7
         Lightning rod     |       |       |       |       |       |       |       |     4 |       ||     4
         Sack of spiders   |       |       |       |       |       |       |       |     1 |       ||     1
    Use: Scroll            |       |     2 |    10 |    22 |    13 |    18 |    10 |    25 |     3 ||   103
         Potion            |       |       |       |       |     1 |     6 |     3 |     3 |     3 ||    16
   Stab: Paralysed         |       |       |       |     4 |       |       |       |       |       ||     4
 Armour: Leather armour    |     8 |       |       |       |       |       |       |       |       ||     8
         Ring mail         |    35 |       |       |       |       |       |       |       |       ||    35
         Scale mail        |    57 |    44 |       |       |       |       |       |       |       ||   101
         Chain mail        |       |    59 |    64 |       |       |       |       |       |       ||   123
         Plate armour      |       |       |   216 |   588 |   284 |       |       |       |       ||  1088
         Pearl dragon scal |       |       |       |       |   142 |   574 |   565 |   714 |   123 ||  2118
  Dodge: Dodged            |    58 |    47 |    86 |   222 |   130 |   210 |   202 |   210 |    31 ||  1196

Table legend: (Time is in decaauts)
 A = Elapsed time spent in this place.
 B = Non-inter-level travel time spent in this place.
 C = Inter-level travel time spent in this place.
 D = Time resting spent in this place.
 E = Time spent auto-exploring this place.
 F = Levels seen in this place.
 G = Mean time per level.
                   A        B        C        D        E       F      G
               +--------+--------+--------+--------+--------+-----+--------+
         Total |  71525 |  65020 |   6505 |  12280 |  36557 |  54 | 1324.5 |
       Dungeon |  23016 |  20632 |   2384 |   4464 |  11788 |  15 | 1534.4 |
          Lair |   7215 |   6485 |    730 |   1596 |   3485 |   5 | 1443.0 |
         Swamp |   3332 |   2990 |    342 |    265 |   2042 |   4 |  833.0 |
     Snake Pit |   6351 |   5981 |    370 |    728 |   3897 |   4 | 1587.8 |
  Orcish Mines |   1967 |   1456 |    511 |      7 |    935 |   2 |  983.5 |
   Elven Halls |   4697 |   4144 |    553 |    611 |   2471 |   3 | 1565.7 |
        Vaults |   7930 |   7465 |    465 |   1037 |   4258 |   5 | 1586.0 |
        Depths |   6055 |   5578 |    477 |   1321 |   2657 |   4 | 1513.8 |
           Zot |   8942 |   8272 |    670 |   1845 |   4606 |   5 | 1788.4 |
         Abyss |    669 |    669 |      0 |    126 |      3 |   2 |  334.5 |
        Bazaar |     45 |     45 |      0 |      0 |     34 |   1 |   45.0 |
         Trove |    131 |    131 |      0 |      0 |     24 |   1 |  131.0 |
        Bailey |    604 |    604 |      0 |    278 |     37 |   1 |  604.0 |
       Volcano |    242 |    242 |      0 |      0 |    138 |   1 |  242.0 |
      Gauntlet |    321 |    321 |      0 |      0 |    180 |   1 |  321.0 |
               +--------+--------+--------+--------+--------+-----+--------+

Top non-repeatable levels by time:
    D:11: 3437 daAuts
     D:4: 3055 daAuts
   Zot:2: 2973 daAuts
   Zot:5: 2817 daAuts
Vaults:5: 2634 daAuts
  Lair:5: 2422 daAuts
    D:12: 2237 daAuts
   Zot:1: 2088 daAuts
 Snake:4: 2003 daAuts
Depths:3: 1895 daAuts
   Elf:3: 1752 daAuts
    D:10: 1732 daAuts
Depths:4: 1682 daAuts
     D:6: 1681 daAuts
   Elf:2: 1616 daAuts
